Login

Hershey Bears vs Rochester Americans

Created - 16 April 2024 at 23:06

Goals
1 2 3 T
Hershey Bears 0 3 1 4
Rochester Americans 1 0 1 2
Shots
1 2 3 T
Hershey Bears 11 15 15 41
Rochester Americans 8 5 11 24

GoalsPenalties
1st period
1. Rochester Americans , Thomas Bordeleau 8 (Tyler Benson 2, Filip Kral 4) at 18:02 (SH)
Jeremy Davies (RCH) for Holding (Minor) at 17:17
2nd period
2. Hershey Bears , Matthew Phillips 18 (Joe Snively 19) at 0:06
3. Hershey Bears , Henrik Borgstrom 4 (CJ Suess 6, Ethen Frank 7) at 5:09
4. Hershey Bears , Alex Limoges 6 (Connor McMichael 12, Nicolas Aube-Kubel 1) at 13:49
Eric Comrie (RCH) for Slashing (Minor) at 13:59 - Justin Richards served the penalty
3rd period
5. Rochester Americans , Lukas Rousek 16 (Thomas Bordeleau 15, Joseph Cecconi 1) at 2:17
6. Hershey Bears , Henrik Borgstrom 5 (Vincent Iorio 10, CJ Suess 7) at 12:15
Tyler Benson (RCH) for Tripping (Minor) at 12:18
Goalie Stats
Jon Gillies (HER), 22 saves from 24 shots - (0.917), W, 8-3-0, 60:00 minutes
Eric Comrie (RCH), 37 saves from 41 shots - (0.902), L, 5-5-1, 60:00 minutes
3 StarsOfficial
1 - Henrik Borgstrom (HER)
2 - Thomas Bordeleau (RCH)
3 - CJ Suess (HER)
Referees : Ian Walsh and Chris Lee
Linesman : Travis Toomey and Derek Nansen
Game Note
No Game Note
Finance
Level 1 -- Attendance: 1791 (89.55%) -- Ticket Income $62,685
Level 2 -- Attendance: 896 (89.60%) -- Ticket Income $13,440
Total Attendance: 2687 (89.57%)
Total Ticket Income: $76,125
Other Income: $37,301
Total Income: $113,426



Team Name Goals Shots Shots Attemp Shots Blocked PIM HIT PP PK FO%
Hershey Bears 4416170260 / 3 (0%)063%
Rochester Americans 22444106240 / 0 (0.00%037%

Hershey Bears
Player Name POS G A P +/- PIM HIT SHT SB MP PP MP PP SHT PK MP PK SHT FO% FOT GA TA
Adam CracknellLW0000021118:033:3900:00033% 300
Alex LimogesLW1011012016:482:0800:0000% 010
Chase PriskieD0001003017:580:0000:0000% 000
CJ SuessLW0222010013:160:0000:00050% 201
Connor McMichaelC0111016016:362:0800:00083% 611
Dylan McIlrathD0001030023:263:5900:0000% 000
Ethen FrankRW0112004015:092:1800:000100% 200
Evan PoleiLW000-1031011:010:0000:000100% 200
Henrik BorgstromC2022014014:420:0000:00056% 901
Ivan ChukarovD0001030217:580:0000:0000% 000
Joe SnivelyC0110004018:093:3900:00059% 1701
Kristians RubinsD0000041018:361:5800:0000% 000
Lucas JohansenD0000002018:361:5800:0000% 010
Matthew PhillipsRW1010024018:053:3910:000100% 130
Michael SgarbossaC000-1031011:170:0000:00067% 300
Nicolas Aube-KubelRW0111024115:420:2000:0000% 000
Pierrick DubeRW000-1004111:120:0000:0000% 100
Vincent IorioD0111000223:263:5900:0000% 000
Rochester Americans
Player Name POS G A P +/- PIM HIT SHT SB MP PP MP PP SHT PK MP PK SHT FO% FOT GA TA
Brandon BiroC000-1003015:440:0000:21067% 310
Brett MurrayRW000-1020217:430:0001:1300% 001
Filip KralD011-1002115:520:0001:0100% 000
Henry ThrunD0002000020:110:0002:4500% 000
Isak RosenC000000000:110:0000:0300% 000
Jack DuganLW0000040118:060:0002:0400% 002
Jacob BrysonD000-2003025:080:0003:1510% 000
Jeremy DaviesD0001200019:090:0001:4400% 000
Jiri KulichRW000000008:410:0000:0000% 000
JJ PeterkaRW000-1013116:070:0000:00033% 300
Joseph CecconiD011-2010114:550:0000:0300% 000
Justin RichardsC000-1022218:320:0002:47040% 2510
Kale ClagueD000-2040125:050:0003:1200% 022
Linus WeissbachRW000-1023014:400:0000:0000% 001
Lukas RousekRW101-1035016:220:0000:0000% 100
Peter AbbandonatoC000000007:580:0001:39050% 200
Thomas BordeleauC1120043117:560:0001:16111% 900
Tyler BensonLW011-1210021:410:0002:25067% 300

Hershey Bears

5 vs 5 Forward
Line #Left WingCenterRight WingPHYDFOFWanted %Time %Time Play
1Adam CracknellJoe SnivelyMatthew Phillips1223028%14:59
2Alex LimogesConnor McMichaelNicolas Aube-Kubel1223029%15:49
3CJ SuessHenrik BorgstromEthen Frank1223025%13:16
4Evan PoleiMichael SgarbossaPierrick Dube1221018%9:59
5 vs 5 Defense
Line #DefenseDefensePHYDFOFWanted %Time %Time Play
1Dylan McIlrathVincent Iorio1224036%19:27
2Lucas JohansenKristians Rubins1223031%16:38
3Chase PriskieIvan Chukarov1223033%17:58
4Dylan McIlrathVincent Iorio12200%0:00
Power Play Forward
Line #Left WingCenterRight WingPHYDFOFWanted %Time %Time Play
1Adam CracknellJoe SnivelyMatthew Phillips1226061%3:39
2Alex LimogesConnor McMichaelEthen Frank1224039%2:18
Power Play Defense
Line #DefenseDefensePHYDFOFWanted %Time %Time Play
1Dylan McIlrathVincent Iorio1226067%3:59
2Lucas JohansenKristians Rubins1224033%1:58
Penalty Kill 4 Players Forward
Line #CenterWingPHYDFOFWanted %Time %Time Play
1Connor McMichaelNicolas Aube-Kubel122600%0:00
2Henrik BorgstromAdam Cracknell122400%0:00
Penalty Kill 4 Players Defense
Line #DefenseDefensePHYDFOFWanted %Time %Time Play
1Dylan McIlrathVincent Iorio122600%0:00
2Lucas JohansenKristians Rubins122400%0:00
Penalty Kill 3 Players
Line #WingPHYDFOFWanted %Time %Time PlayDefenseDefensePHYDFOFWanted %Time %Time Play
1Nicolas Aube-Kubel122600%0:00 Dylan McIlrathVincent Iorio122600%0:00
2Henrik Borgstrom122400%0:00 Lucas JohansenKristians Rubins122400%0:00
4 vs 4 Forward
Line #CenterWingPHYDFOFWanted %Time %Time Play
1Joe SnivelyMatthew Phillips122600%0:00
2Connor McMichaelAdam Cracknell122400%0:00
4 vs 4 Defense
Line #DefensePHYDFOFWanted %Time %Time Play
1Dylan McIlrathVincent Iorio122600%0:00
2Lucas JohansenKristians Rubins122400%0:00
Last Minutes Offensive
Left WingCenterRight WingDefenseDefense
Adam CracknellJoe SnivelyMatthew PhillipsDylan McIlrathVincent Iorio
Last Minutes Defensive
Left WingCenterRight WingDefenseDefense
Adam CracknellJoe SnivelyNicolas Aube-KubelDylan McIlrathVincent Iorio
Time
Total ForwardTotal DefenseLast Minutes OffensiveLast Minutes Defensive
60:00 60:00 0:000:00
Extra Forwards
Normal PowerPlayPenalty Kill
Nicolas Aube-Kubel, Henrik Borgstrom, Michael SgarbossaNicolas Aube-Kubel, Henrik BorgstromMichael Sgarbossa
Extra Defensemen
Normal PowerPlayPenalty Kill
Chase Priskie, Ivan Chukarov, Lucas JohansenChase Priskie, Ivan ChukarovLucas Johansen
Penalty Shots
Joe Snively, Matthew Phillips, Connor McMichael, Adam Cracknell, Henrik Borgstrom
Goalie
Jon Gillies, Hunter Shepard
Custom OT Lines Forwards
Joe Snively, Matthew Phillips, Connor McMichael, Nicolas Aube-Kubel, Adam Cracknell, Henrik Borgstrom, Alex Limoges, Michael Sgarbossa, CJ Suess, Ethen Frank
Custom OT Lines Defensemen
Dylan McIlrath, Vincent Iorio, Lucas Johansen, Kristians Rubins, Chase Priskie
Scratches
Billy Constantinou (Healthy), Pavel Gogolev (Healthy), Patrick Khodorenko (Healthy), Hendrix Lapierre (Healthy), Justin Nachbaur (Healthy) Henrik Rybinski (Healthy), Zach Senyshyn (Healthy), Riley Sutter (Healthy), Bogdan Trineyev (Healthy), Kirill Tyutyayev (Healthy) Daniil Zhuravlyov (Healthy), Clay Stevenson (Healthy)

Rochester Americans

5 vs 5 Forward
Line #Left WingCenterRight WingPHYDFOFWanted %Time %Time Play
1Tyler BensonJustin RichardsJJ Peterka0144031%16:42
2Jack DuganThomas BordeleauLukas Rousek0233033%17:40
3Linus WeissbachBrandon BiroBrett Murray2212027%14:40
4Tyler BensonPeter AbbandonatoJiri Kulich221109%5:01
5 vs 5 Defense
Line #DefenseDefensePHYDFOFWanted %Time %Time Play
1Jacob BrysonKale Clague1224036%19:41
2Henry ThrunJeremy Davies1223032%17:26
3Filip KralJoseph Cecconi1222027%14:44
4Jacob BrysonKale Clague122104%2:12
Power Play Forward
Line #Left WingCenterRight WingPHYDFOFWanted %Time %Time Play
1Tyler BensonJustin RichardsJJ Peterka122600%0:00
2Jack DuganThomas BordeleauLukas Rousek122400%0:00
Power Play Defense
Line #DefenseDefensePHYDFOFWanted %Time %Time Play
1Jacob BrysonKale Clague122600%0:00
2Henry ThrunJeremy Davies122400%0:00
Penalty Kill 4 Players Forward
Line #CenterWingPHYDFOFWanted %Time %Time Play
1Justin RichardsTyler Benson1226093%5:31
2Thomas BordeleauJack Dugan122407%0:26
Penalty Kill 4 Players Defense
Line #DefenseDefensePHYDFOFWanted %Time %Time Play
1Jacob BrysonKale Clague1226054%3:12
2Henry ThrunJeremy Davies1224046%2:45
Penalty Kill 3 Players
Line #WingPHYDFOFWanted %Time %Time PlayDefenseDefensePHYDFOFWanted %Time %Time Play
1Justin Richards122600%0:00 Jacob BrysonKale Clague122600%0:00
2Thomas Bordeleau122400%0:00 Henry ThrunJeremy Davies122400%0:00
4 vs 4 Forward
Line #CenterWingPHYDFOFWanted %Time %Time Play
1Justin RichardsTyler Benson122600%0:00
2Thomas BordeleauJack Dugan122400%0:00
4 vs 4 Defense
Line #DefensePHYDFOFWanted %Time %Time Play
1Jacob BrysonKale Clague122600%0:00
2Henry ThrunJeremy Davies122400%0:00
Last Minutes Offensive
Left WingCenterRight WingDefenseDefense
Tyler BensonJustin RichardsJJ PeterkaJacob BrysonKale Clague
Last Minutes Defensive
Left WingCenterRight WingDefenseDefense
Tyler BensonJustin RichardsJJ PeterkaJacob BrysonKale Clague
Time
Total ForwardTotal DefenseLast Minutes OffensiveLast Minutes Defensive
60:00 60:00 0:000:00
Extra Forwards
Normal PowerPlayPenalty Kill
Brett Murray, Tyler Benson, Jiri KulichBrett Murray, Tyler BensonBrett Murray
Extra Defensemen
Normal PowerPlayPenalty Kill
Jeremy Davies, Filip Kral, Joseph CecconiJeremy Davies, Jeremy DaviesFilip Kral
Penalty Shots
JJ Peterka, Lukas Rousek, Justin Richards, Thomas Bordeleau, Brett Murray
Goalie
Eric Comrie, Dustin Tokarski
Custom OT Lines Forwards
JJ Peterka, Lukas Rousek, Justin Richards, Thomas Bordeleau, Brett Murray, Tyler Benson, Jiri Kulich, Brandon Biro, Peter Abbandonato, Linus Weissbach
Custom OT Lines Defensemen
Jacob Bryson, Kale Clague, Henry Thrun, Jeremy Davies, Filip Kral
Scratches
Filip Cederqvist (Healthy), Ethan Keppen (Healthy), Aleksandr Kisakov (Healthy), Tyson Kozak (Healthy), Andrew Nielsen (Healthy) Riley Stillman (Left Eye Injury), Devin Cooley (Healthy), Devon Levi (Healthy)


Play-by-Play

1st period


0:01 of 1st period - Joe Snively wins face-off versus JJ Peterka in neutral zone.
0:04 of 1st period - Snap shot by Joe Snively.
0:04 of 1st period - Stopped by Eric Comrie without a rebound.
0:05 of 1st period - Joe Snively wins face-off versus Justin Richards in Rochester Americans zone.
0:12 of 1st period - Wrist shot by Matthew Phillips.
0:12 of 1st period - Stopped by Eric Comrie with a rebound.
0:14 of 1st period - Wrist shot by Joe Snively.
0:14 of 1st period - Stopped by Eric Comrie with a rebound.
0:37 of 1st period - Vincent Iorio is hit by Jack Dugan and loses puck.
1:32 of 1st period - Wrist shot by Henrik Borgstrom.
1:32 of 1st period - Shot Blocked by Justin Richards.
2:56 of 1st period - Slapshot by Lukas Rousek.
2:56 of 1st period - Shot Blocked by Adam Cracknell.
3:16 of 1st period - Joe Snively is hit by Kale Clague and loses puck.
3:24 of 1st period - Icing by Matthew Phillips.
3:25 of 1st period - Evan Polei wins face-off versus Thomas Bordeleau in Hershey Bears zone.
4:11 of 1st period - Jacob Bryson is hit by CJ Suess and loses puck.
4:24 of 1st period - Filip Kral is hit by Dylan McIlrath and loses puck.
4:35 of 1st period - Alex Limoges is hit by Lukas Rousek and loses puck.
4:48 of 1st period - Jacob Bryson is hit by Kristians Rubins and loses puck.
5:39 of 1st period - Wrist shot by Matthew Phillips.
5:39 of 1st period - Stopped by Eric Comrie with a rebound.
5:51 of 1st period - Slapshot by JJ Peterka.
5:51 of 1st period - Stopped by Jon Gillies without a rebound.
5:52 of 1st period - Justin Richards wins face-off versus Connor McMichael in Hershey Bears zone.
5:57 of 1st period - Snap shot by Justin Richards.
5:57 of 1st period - Stopped by Jon Gillies with a rebound.
6:24 of 1st period - Jeremy Davies is hit by Kristians Rubins and loses puck.
6:50 of 1st period - Jacob Bryson is hit by Michael Sgarbossa and loses puck.
7:07 of 1st period - Slapshot by Linus Weissbach.
7:07 of 1st period - Stopped by Jon Gillies without a rebound.
7:08 of 1st period - Connor McMichael wins face-off versus Justin Richards in Hershey Bears zone.
7:19 of 1st period - Slapshot by Nicolas Aube-Kubel.
7:19 of 1st period - Shot Blocked by Justin Richards.
7:21 of 1st period - Slapshot by Lucas Johansen.
7:21 of 1st period - Deflect By Nicolas Aube-Kubel.
7:21 of 1st period - Stopped by Eric Comrie with a rebound.
8:24 of 1st period - Brandon Biro is hit by Nicolas Aube-Kubel and loses puck.
8:48 of 1st period - Dylan McIlrath is hit by Linus Weissbach and loses puck.
9:22 of 1st period - Slapshot by Pierrick Dube.
9:22 of 1st period - Shot Misses the Net.
9:24 of 1st period - Snap shot by Lucas Johansen.
9:24 of 1st period - Shot Blocked by Brett Murray.
9:34 of 1st period - Backhand shot by Jacob Bryson.
9:34 of 1st period - Stopped by Jon Gillies with a rebound.
10:18 of 1st period - Ethen Frank is hit by Joseph Cecconi and loses puck.
11:11 of 1st period - Backhand shot by Lukas Rousek.
11:11 of 1st period - Stopped by Jon Gillies without a rebound.
11:12 of 1st period - Joe Snively wins face-off versus Thomas Bordeleau in Hershey Bears zone.
12:08 of 1st period - Off-side.
12:09 of 1st period - Michael Sgarbossa wins face-off versus Thomas Bordeleau in neutral zone.
12:34 of 1st period - Tyler Benson is hit by Alex Limoges and loses puck.
12:39 of 1st period - Wrist shot by Alex Limoges.
12:39 of 1st period - Shot Blocked by JJ Peterka.
12:41 of 1st period - Backhand shot by Nicolas Aube-Kubel.
12:41 of 1st period - Shot Misses the Net.
12:43 of 1st period - Wrist shot by Connor McMichael.
12:43 of 1st period - Stopped by Eric Comrie with a rebound.
13:13 of 1st period - Thomas Bordeleau is hit by Ivan Chukarov and loses puck.
13:22 of 1st period - Chase Priskie is hit by Jack Dugan and loses puck.
13:36 of 1st period - Off-side.
13:37 of 1st period - Peter Abbandonato wins face-off versus Michael Sgarbossa in neutral zone.
14:03 of 1st period - Snap shot by Alex Limoges.
14:03 of 1st period - Stopped by Eric Comrie without a rebound.
14:04 of 1st period - Connor McMichael wins face-off versus Thomas Bordeleau in Rochester Americans zone.
14:05 of 1st period - Snap shot by Nicolas Aube-Kubel.
14:05 of 1st period - Shot Blocked by Jack Dugan.
14:09 of 1st period - Slapshot by Nicolas Aube-Kubel.
14:09 of 1st period - Stopped by Eric Comrie with a rebound.
14:11 of 1st period - Backhand shot by Lucas Johansen.
14:11 of 1st period - Shot Misses the Net.
14:29 of 1st period - Adam Cracknell is hit by Kale Clague and loses puck.
14:34 of 1st period - Slapshot by JJ Peterka.
14:34 of 1st period - Shot Misses the Net.
14:51 of 1st period - Brett Murray is hit by Kristians Rubins and loses puck.
14:56 of 1st period - Snap shot by Henrik Borgstrom.
14:56 of 1st period - Stopped by Eric Comrie with a rebound.
15:12 of 1st period - Wrist shot by Pierrick Dube.
15:12 of 1st period - Stopped by Eric Comrie with a rebound.
15:14 of 1st period - Slapshot by Lucas Johansen.
15:14 of 1st period - Stopped by Eric Comrie without a rebound.
15:15 of 1st period - Thomas Bordeleau wins face-off versus Pierrick Dube in Rochester Americans zone.
15:20 of 1st period - Wrist shot by Lukas Rousek.
15:20 of 1st period - Stopped by Jon Gillies with a rebound.
15:22 of 1st period - Snap shot by Thomas Bordeleau.
15:22 of 1st period - Deflect By Lukas Rousek.
15:22 of 1st period - Stopped by Jon Gillies without a rebound.
15:23 of 1st period - Connor McMichael wins face-off versus Thomas Bordeleau in Hershey Bears zone.
16:12 of 1st period - Matthew Phillips is hit by Brett Murray.
17:17 of 1st period - Minor Penalty to Jeremy Davies for Holding.
17:18 of 1st period - Justin Richards wins face-off versus Adam Cracknell in Rochester Americans zone.
17:43 of 1st period - Justin Richards is hit by Connor McMichael and loses puck.
18:02 of 1st period - Wrist shot by Thomas Bordeleau.
18:02 of 1st period - Goal by Thomas Bordeleau - Hershey Bears : 0 - Rochester Americans : 1.
18:03 of 1st period - Justin Richards wins face-off versus Joe Snively in neutral zone.
18:26 of 1st period - Icing by Alex Limoges.
18:27 of 1st period - Joe Snively wins face-off versus Thomas Bordeleau in Hershey Bears zone.
18:40 of 1st period - Snap shot by Matthew Phillips.
18:40 of 1st period - Shot Blocked by Thomas Bordeleau.
18:52 of 1st period - Adam Cracknell is hit by Justin Richards and loses puck.
19:17 of 1st period - Penalty to Jeremy Davies is over, Jeremy Davies is back on ice.
19:29 of 1st period - Wrist shot by Thomas Bordeleau.
19:29 of 1st period - Shot Misses the Net.
Goals for this period are 0 for Hershey Bears vs 1 for Rochester Americans.
Shots for this period are 11 for Hershey Bears vs 8 for Rochester Americans.

2nd period


0:01 of 2nd period - Matthew Phillips wins face-off versus Justin Richards in neutral zone.
0:06 of 2nd period - Snap shot by Matthew Phillips.
0:06 of 2nd period - Goal by Matthew Phillips - Hershey Bears : 1 - Rochester Americans : 1.
0:07 of 2nd period - Justin Richards wins face-off versus Joe Snively in neutral zone.
0:10 of 2nd period - Adam Cracknell is hit by JJ Peterka and loses puck.
0:40 of 2nd period - Kale Clague is hit by Adam Cracknell and loses puck.
0:55 of 2nd period - Jacob Bryson is hit by Matthew Phillips and loses puck.
2:02 of 2nd period - Snap shot by Connor McMichael.
2:02 of 2nd period - Stopped by Eric Comrie with a rebound.
2:04 of 2nd period - Snap shot by Connor McMichael.
2:04 of 2nd period - Stopped by Eric Comrie with a rebound.
2:06 of 2nd period - Snap shot by Chase Priskie.
2:06 of 2nd period - Stopped by Eric Comrie with a rebound.
2:08 of 2nd period - Slapshot by Alex Limoges.
2:08 of 2nd period - Shot Misses the Net.
2:16 of 2nd period - Snap shot by Connor McMichael.
2:16 of 2nd period - Stopped by Eric Comrie with a rebound.
2:18 of 2nd period - Slapshot by Chase Priskie.
2:18 of 2nd period - Deflect By Thomas Bordeleau.
2:18 of 2nd period - Stopped by Eric Comrie with a rebound.
2:20 of 2nd period - Slapshot by Nicolas Aube-Kubel.
2:20 of 2nd period - Stopped by Eric Comrie with a rebound.
2:22 of 2nd period - Backhand shot by Connor McMichael.
2:22 of 2nd period - Stopped by Eric Comrie with a rebound.
2:24 of 2nd period - Backhand shot by Nicolas Aube-Kubel.
2:24 of 2nd period - Stopped by Eric Comrie without a rebound.
2:25 of 2nd period - Justin Richards wins face-off versus Henrik Borgstrom in Rochester Americans zone.
2:30 of 2nd period - Wrist shot by JJ Peterka.
2:30 of 2nd period - Deflect By Justin Richards.
2:30 of 2nd period - Shot Blocked by Vincent Iorio.
2:30 of 2nd period - Puck is out of play.
2:31 of 2nd period - Henrik Borgstrom wins face-off versus Justin Richards in Hershey Bears zone.
2:44 of 2nd period - Wrist shot by JJ Peterka.
2:44 of 2nd period - Stopped by Jon Gillies without a rebound.
2:45 of 2nd period - Tyler Benson wins face-off versus Henrik Borgstrom in Hershey Bears zone.
2:46 of 2nd period - Wrist shot by JJ Peterka.
2:46 of 2nd period - Shot Blocked by Vincent Iorio.
3:31 of 2nd period - Wrist shot by Linus Weissbach.
3:31 of 2nd period - Stopped by Jon Gillies with a rebound.
3:40 of 2nd period - Off-side.
3:41 of 2nd period - Henrik Borgstrom wins face-off versus Tyler Benson in neutral zone.
3:46 of 2nd period - Tyler Benson is hit by Kristians Rubins.
4:11 of 2nd period - Jeremy Davies is hit by Nicolas Aube-Kubel and loses puck.
4:50 of 2nd period - Connor McMichael is hit by Justin Richards and loses puck.
5:07 of 2nd period - Snap shot by CJ Suess.
5:07 of 2nd period - Shot Blocked by Joseph Cecconi.
5:09 of 2nd period - Slapshot by CJ Suess.
5:09 of 2nd period - Deflect By Henrik Borgstrom.
5:09 of 2nd period - Goal by Henrik Borgstrom - Hershey Bears : 2 - Rochester Americans : 1.
5:10 of 2nd period - Tyler Benson wins face-off versus CJ Suess in neutral zone.
5:36 of 2nd period - Vincent Iorio is hit by Lukas Rousek.
5:40 of 2nd period - Wrist shot by Lukas Rousek.
5:40 of 2nd period - Stopped by Jon Gillies without a rebound.
5:41 of 2nd period - Joe Snively wins face-off versus Lukas Rousek in Hershey Bears zone.
5:48 of 2nd period - Wrist shot by Thomas Bordeleau.
5:48 of 2nd period - Shot Blocked by Ivan Chukarov.
5:50 of 2nd period - Wrist shot by Jack Dugan.
5:50 of 2nd period - Shot Misses the Net.
5:52 of 2nd period - Snap shot by Lukas Rousek.
5:52 of 2nd period - Shot Misses the Net.
5:54 of 2nd period - Backhand shot by Joseph Cecconi.
5:54 of 2nd period - Deflect By Thomas Bordeleau.
5:54 of 2nd period - Shot Misses the Net.
5:54 of 2nd period - Puck is out of play.
5:55 of 2nd period - Henrik Borgstrom wins face-off versus Justin Richards in Hershey Bears zone.
7:37 of 2nd period - Joe Snively is hit by Thomas Bordeleau and loses puck.
8:31 of 2nd period - Filip Kral is hit by Michael Sgarbossa.
9:01 of 2nd period - Justin Richards is hit by Matthew Phillips and loses puck.
9:40 of 2nd period - Justin Richards is hit by Evan Polei and loses puck.
9:47 of 2nd period - Tyler Benson is hit by Ivan Chukarov and loses puck.
10:13 of 2nd period - CJ Suess is hit by Tyler Benson and loses puck.
10:40 of 2nd period - Kristians Rubins is hit by Thomas Bordeleau.
10:52 of 2nd period - Lucas Johansen is hit by Kale Clague and loses puck.
11:03 of 2nd period - JJ Peterka is hit by Adam Cracknell and loses puck.
11:14 of 2nd period - Henry Thrun is hit by Dylan McIlrath and loses puck.
11:27 of 2nd period - Wrist shot by Michael Sgarbossa.
11:27 of 2nd period - Stopped by Eric Comrie with a rebound.
11:37 of 2nd period - Dylan McIlrath is hit by Jack Dugan and loses puck.
12:04 of 2nd period - Wrist shot by Matthew Phillips.
12:04 of 2nd period - Shot Misses the Net.
12:25 of 2nd period - Slapshot by Kale Clague.
12:25 of 2nd period - Shot Misses the Net.
12:36 of 2nd period - Connor McMichael is hit by Kale Clague and loses puck.
12:51 of 2nd period - Snap shot by Linus Weissbach.
12:51 of 2nd period - Shot Misses the Net.
12:53 of 2nd period - Wrist shot by Brett Murray.
12:53 of 2nd period - Shot Misses the Net.
12:55 of 2nd period - Snap shot by Brett Murray.
12:55 of 2nd period - Shot Blocked by Ivan Chukarov.
13:21 of 2nd period - Connor McMichael is hit by Brett Murray and loses puck.
13:35 of 2nd period - Wrist shot by Alex Limoges.
13:35 of 2nd period - Shot Blocked by Brett Murray.
13:37 of 2nd period - Slapshot by Connor McMichael.
13:37 of 2nd period - Stopped by Eric Comrie with a rebound.
13:39 of 2nd period - Wrist shot by Chase Priskie.
13:39 of 2nd period - Stopped by Eric Comrie with a rebound.
13:41 of 2nd period - Snap shot by Nicolas Aube-Kubel.
13:41 of 2nd period - Shot Misses the Net.
13:49 of 2nd period - Wrist shot by Alex Limoges.
13:49 of 2nd period - Goal by Alex Limoges - Hershey Bears : 3 - Rochester Americans : 1.
13:50 of 2nd period - Justin Richards wins face-off versus Henrik Borgstrom in neutral zone.
13:59 of 2nd period - Wrist shot by Henrik Borgstrom.
13:59 of 2nd period - Stopped by Eric Comrie without a rebound.
13:59 of 2nd period - Minor Penalty to Eric Comrie for Slashing.
14:00 of 2nd period - Joe Snively wins face-off versus Peter Abbandonato in Rochester Americans zone.
15:59 of 2nd period - Penalty to Justin Richards is over, Justin Richards is back on ice.
17:11 of 2nd period - Wrist shot by Brandon Biro.
17:11 of 2nd period - Shot Misses the Net.
18:25 of 2nd period - Icing by Nicolas Aube-Kubel.
18:26 of 2nd period - Connor McMichael wins face-off versus Brandon Biro in Hershey Bears zone.
18:31 of 2nd period - Backhand shot by Brandon Biro.
18:31 of 2nd period - Stopped by Jon Gillies with a rebound.
18:33 of 2nd period - Wrist shot by Linus Weissbach.
18:33 of 2nd period - Stopped by Jon Gillies without a rebound.
18:34 of 2nd period - Michael Sgarbossa wins face-off versus Justin Richards in Hershey Bears zone.
18:41 of 2nd period - Slapshot by Vincent Iorio.
18:41 of 2nd period - Shot Blocked by Kale Clague.
Goals for this period are 3 for Hershey Bears vs 0 for Rochester Americans.
Shots for this period are 15 for Hershey Bears vs 5 for Rochester Americans.

3rd period


0:01 of 3rd period - Joe Snively wins face-off versus JJ Peterka in neutral zone.
0:35 of 3rd period - Snap shot by Ethen Frank.
0:35 of 3rd period - Stopped by Eric Comrie without a rebound.
0:36 of 3rd period - Ethen Frank wins face-off versus Thomas Bordeleau in Rochester Americans zone.
1:40 of 3rd period - Vincent Iorio is hit by Lukas Rousek and loses puck.
2:01 of 3rd period - Joseph Cecconi is hit by Evan Polei and loses puck.
2:08 of 3rd period - Michael Sgarbossa is hit by Jack Dugan and loses puck.
2:15 of 3rd period - Wrist shot by Thomas Bordeleau.
2:15 of 3rd period - Stopped by Jon Gillies with a rebound.
2:17 of 3rd period - Wrist shot by Lukas Rousek.
2:17 of 3rd period - Goal by Lukas Rousek - Hershey Bears : 3 - Rochester Americans : 2.
2:18 of 3rd period - Joe Snively wins face-off versus Justin Richards in neutral zone.
2:40 of 3rd period - Icing by Justin Richards.
2:41 of 3rd period - Henrik Borgstrom wins face-off versus Justin Richards in Rochester Americans zone.
2:42 of 3rd period - Snap shot by Ethen Frank.
2:42 of 3rd period - Stopped by Eric Comrie without a rebound.
2:43 of 3rd period - Henrik Borgstrom wins face-off versus Justin Richards in Rochester Americans zone.
2:48 of 3rd period - Snap shot by Ethen Frank.
2:48 of 3rd period - Stopped by Eric Comrie without a rebound.
2:49 of 3rd period - Ethen Frank wins face-off versus Justin Richards in Rochester Americans zone.
2:52 of 3rd period - Wrist shot by Ethen Frank.
2:52 of 3rd period - Shot Misses the Net.
3:04 of 3rd period - Snap shot by Justin Richards.
3:04 of 3rd period - Stopped by Jon Gillies with a rebound.
3:28 of 3rd period - Slapshot by Ethen Frank.
3:28 of 3rd period - Stopped by Eric Comrie without a rebound.
3:29 of 3rd period - Justin Richards wins face-off versus Joe Snively in Rochester Americans zone.
3:29 of 3rd period - Justin Richards is hit by Ivan Chukarov.
4:05 of 3rd period - Wrist shot by Brandon Biro.
4:05 of 3rd period - Stopped by Jon Gillies with a rebound.
4:07 of 3rd period - Slapshot by Joseph Cecconi.
4:07 of 3rd period - Shot Misses the Net.
5:13 of 3rd period - Alex Limoges is hit by Linus Weissbach and loses puck.
5:34 of 3rd period - Wrist shot by Pierrick Dube.
5:34 of 3rd period - Stopped by Eric Comrie with a rebound.
5:36 of 3rd period - Snap shot by Evan Polei.
5:36 of 3rd period - Stopped by Eric Comrie with a rebound.
5:38 of 3rd period - Snap shot by Michael Sgarbossa.
5:38 of 3rd period - Deflect By Pierrick Dube.
5:38 of 3rd period - Stopped by Eric Comrie with a rebound.
6:55 of 3rd period - Icing by Brandon Biro.
6:56 of 3rd period - Brandon Biro wins face-off versus Henrik Borgstrom in Rochester Americans zone.
7:06 of 3rd period - Icing by Linus Weissbach.
7:07 of 3rd period - Brandon Biro wins face-off versus Joe Snively in Rochester Americans zone.
7:26 of 3rd period - Wrist shot by Linus Weissbach.
7:26 of 3rd period - Shot Misses the Net.
7:28 of 3rd period - Slapshot by Joseph Cecconi.
7:28 of 3rd period - Deflect By Brett Murray.
7:28 of 3rd period - Shot Misses the Net.
7:28 of 3rd period - Puck is out of play.
7:29 of 3rd period - Connor McMichael wins face-off versus Justin Richards in Hershey Bears zone.
8:19 of 3rd period - Snap shot by Pierrick Dube.
8:19 of 3rd period - Stopped by Eric Comrie with a rebound.
8:21 of 3rd period - Wrist shot by Evan Polei.
8:21 of 3rd period - Shot Misses the Net.
8:23 of 3rd period - Slapshot by Lucas Johansen.
8:23 of 3rd period - Shot Misses the Net.
8:25 of 3rd period - Snap shot by Kristians Rubins.
8:25 of 3rd period - Stopped by Eric Comrie with a rebound.
8:27 of 3rd period - Wrist shot by Kristians Rubins.
8:27 of 3rd period - Shot Misses the Net.
8:29 of 3rd period - Wrist shot by Lucas Johansen.
8:29 of 3rd period - Stopped by Eric Comrie without a rebound.
8:30 of 3rd period - JJ Peterka wins face-off versus Joe Snively in Rochester Americans zone.
8:37 of 3rd period - Wrist shot by JJ Peterka.
8:37 of 3rd period - Stopped by Jon Gillies with a rebound.
8:57 of 3rd period - Vincent Iorio is hit by Thomas Bordeleau.
9:17 of 3rd period - Slapshot by Jacob Bryson.
9:17 of 3rd period - Stopped by Jon Gillies with a rebound.
9:21 of 3rd period - Wrist shot by Brandon Biro.
9:21 of 3rd period - Stopped by Jon Gillies with a rebound.
9:23 of 3rd period - Wrist shot by Linus Weissbach.
9:23 of 3rd period - Shot Misses the Net.
9:25 of 3rd period - Slapshot by Filip Kral.
9:25 of 3rd period - Stopped by Jon Gillies without a rebound.
9:26 of 3rd period - Joe Snively wins face-off versus Justin Richards in Hershey Bears zone.
9:51 of 3rd period - Slapshot by Filip Kral.
9:51 of 3rd period - Stopped by Jon Gillies with a rebound.
9:53 of 3rd period - Slapshot by Jack Dugan.
9:53 of 3rd period - Shot Blocked by Nicolas Aube-Kubel.
9:55 of 3rd period - Snap shot by Thomas Bordeleau.
9:55 of 3rd period - Stopped by Jon Gillies with a rebound.
11:17 of 3rd period - Off-side.
11:18 of 3rd period - Evan Polei wins face-off versus Justin Richards in neutral zone.
11:21 of 3rd period - Tyler Benson is hit by Evan Polei and loses puck.
11:30 of 3rd period - Wrist shot by Jeremy Davies.
11:30 of 3rd period - Shot Blocked by Pierrick Dube.
11:53 of 3rd period - Off-side.
11:54 of 3rd period - Justin Richards wins face-off versus Joe Snively in neutral zone.
11:59 of 3rd period - Snap shot by Matthew Phillips.
11:59 of 3rd period - Deflect By Joe Snively.
11:59 of 3rd period - Stopped by Eric Comrie with a rebound.
12:01 of 3rd period - Snap shot by Adam Cracknell.
12:01 of 3rd period - Shot Blocked by Filip Kral.
12:07 of 3rd period - Wrist shot by Joe Snively.
12:07 of 3rd period - Stopped by Eric Comrie with a rebound.
12:09 of 3rd period - Snap shot by Adam Cracknell.
12:09 of 3rd period - Stopped by Eric Comrie without a rebound.
12:10 of 3rd period - CJ Suess wins face-off versus Thomas Bordeleau in Rochester Americans zone.
12:15 of 3rd period - Snap shot by Henrik Borgstrom.
12:15 of 3rd period - Goal by Henrik Borgstrom - Hershey Bears : 4 - Rochester Americans : 2.
12:16 of 3rd period - Justin Richards wins face-off versus Adam Cracknell in neutral zone.
12:18 of 3rd period - Minor Penalty to Tyler Benson for Tripping.
12:19 of 3rd period - Adam Cracknell wins face-off versus Justin Richards in Rochester Americans zone.
12:29 of 3rd period - Slapshot by Vincent Iorio.
12:29 of 3rd period - Deflect By Matthew Phillips.
12:29 of 3rd period - Stopped by Eric Comrie without a rebound.
12:30 of 3rd period - Joe Snively wins face-off versus Justin Richards in Rochester Americans zone.
12:37 of 3rd period - Slapshot by Jacob Bryson.
12:37 of 3rd period - Stopped by Jon Gillies without a rebound.
12:38 of 3rd period - Justin Richards wins face-off versus Joe Snively in Hershey Bears zone.
13:21 of 3rd period - Henry Thrun is hit by Dylan McIlrath.
14:18 of 3rd period - Penalty to Tyler Benson is over, Tyler Benson is back on ice.
15:57 of 3rd period - Jacob Bryson is hit by Michael Sgarbossa and loses puck.
17:46 of 3rd period - Vincent Iorio is hit by Thomas Bordeleau and loses puck.
18:27 of 3rd period - Kale Clague is hit by Henrik Borgstrom.
Goals for this period are 1 for Hershey Bears vs 1 for Rochester Americans.
Shots for this period are 15 for Hershey Bears vs 11 for Rochester Americans.